Map: New Repugnancy LE

Players

Neeb - Winner!

  • Race: Protoss Protoss
  • Spawn Location: 7:00

Ragnarok (SHIN)

  • Race: Zerg Zerg
  • Spawn Location: 1:00

Event: IEM Season 13: Katowice (2019)

VOD

Have the link to the VOD?

Description

Time

  • Played on: March 2, 2019, 7:34 a.m.
  • Length: 6:56

All games in this series

Show
View Real Time Build Order
Export as new Build Order

Neeb Protoss - Winner!

Build Orders: 1 Gate Expand, Oracle Opening, Phoenix Opening 

Get SALT Encoding   

  12  0:00  Probe  
  13  0:12  Probe  
  14  0:19  Pylon  
  14  0:24  Probe  
  15  0:33  Probe  
  15  0:41  Gateway, Probe  
  17  0:50  Assimilator  
  17  0:53  Probe  
  18  1:01  Pylon  
  18  1:05  Probe  
  19  1:17  Probe  
  20  1:30  Nexus  
  20  1:40  Cybernetics Core  
  20  1:43  Probe  
  21  1:48  Assimilator  
  21  1:55  Probe  
  21  1:58  Pylon  
  22  2:06  Adept  
  22  2:07  Probe  
  26  2:23  Stargate  
  26  2:28  Probe  
  26  2:36  Adept  
  28  2:41  Warp Gate  
  28  2:42  Probe  
  29  2:50  Probe  
  30  2:54  Probe  
  30  2:57  Oracle  
  31  3:02  Probe  
  32  3:06  Probe  
  32  3:12  Adept  
  38  3:15  Probe  
  38  3:18  Pylon, Probe  
  40  3:26  Phoenix  
  40  3:27  Probe  
  41  3:30  Probe  
  41  3:39  Probe, Assimilator  
  44  3:42  Probe  
  44  3:47  Robotics Facility  
  45  3:51  Probe  
  45  3:54  Probe  
  45  3:55  Pylon  
  47  4:03  Probe  
  47  4:06  Probe  
  49  4:15  Probe  
  50  4:18  Probe  
  51  4:26  Gateway  
  51  4:27  Probe  
  51  4:28  Gateway x2  
  52  4:33  Gateway  
  52  4:35  Gateway  
  52  4:43  Sentry  
  52  4:45  Gateway  
  52  4:46  Gateway  
  52  4:51  Warp Prism  
  54  4:55  Pylon  
  54  5:05  Pylon  
  54  5:08  Adept  
  54  5:11  Pylon  
  55  5:22  Sentry x2  
  55  5:26  Sentry  
  61  5:34  Sentry, Stalker x2  
  67  5:41  Pylon  
  67  5:42  Pylon  
  67  5:53  Pylon  
  67  5:54  Stalker x5  
  77  5:57  Zealot x2  
  77  5:58  Zealot  
  83  6:18  Zealot x3, Stalker x2  
  80  6:35  Zealot x5  
Show
View Real Time Build Order
Export as new Build Order

Ragnarok Zerg 

Build Orders: Pool First 

Get SALT Encoding   

  12  0:00  Drone  
  13  0:08  Drone  
  14  0:17  Overlord  
  14  0:22  Extractor, Drone  
  15  0:35  Drone  
  16  0:46  Drone  
  16  0:47  Drone  
  18  0:50  Extractor, Spawning Pool  
  18  0:54  Drone  
  17  1:05  Drone  
  18  1:15  Drone  
  19  1:26  Hatchery  
  19  1:29  Drone  
  19  1:37  Zergling x2  
  20  1:43  Queen  
  22  1:50  Metabolic Boost  
  22  1:57  Overlord  
  22  2:16  Hatchery  
  22  2:20  Drone  
  22  2:23  Drone  
  22  2:26  Drone  
  24  2:36  Queen  
  24  2:42  Drone  
  24  2:43  Drone  
  28  2:49  Overlord  
  27  2:58  Drone  
  28  2:59  Drone x2  
  28  3:01  Drone  
  31  3:08  Queen  
  31  3:11  Zergling x2  
  35  3:12  Drone  
  35  3:16  Drone x2  
  37  3:23  Evolution Chamber  
  37  3:25  Zergling x4  
  38  3:27  Spore Crawler  
  38  3:33  Drone  
  38  3:34  Spore Crawler  
  38  3:38  Drone  
  38  3:42  Queen  
  38  3:46  Zergling x2  
  38  3:47  Drone  
  42  3:52  Zerg Melee Weapons Level 1  
  42  3:54  Spore Crawler  
  41  3:56  Drone  
  41  3:58  Drone  
  41  4:02  Drone  
  43  4:04  Drone  
  43  4:05  Drone  
  43  4:06  Drone  
  46  4:13  Overlord  
  44  4:18  Overlord  
  44  4:21  Overlord  
  44  4:26  Overlord  
  44  4:27  Overlord  
  44  4:33  Zergling x8  
  47  4:38  Drone  
  47  4:39  Drone x2  
  47  4:44  Lair  
  49  4:46  Drone  
  49  4:52  Drone x4  
  54  4:58  Zergling x2, Drone x2  
  57  5:01  Queen  
  57  5:05  Overlord  
  59  5:08  Extractor  
  59  5:09  Drone x2  
  59  5:10  Drone  
  59  5:12  Overlord  
  61  5:16  Queen  
  63  5:28  Zergling x10  
  67  5:32  Zergling x2  
  69  5:37  Queen  
  69  5:38  Zergling x6  
  74  5:45  Nydus Network  
  74  5:47  Zergling x2  
  74  5:48  Zergling x6  
  75  5:51  Hydralisk Den  
  75  5:52  Queen  
  75  5:56  Baneling Nest  
  75  5:58  Zergling x10  
  75  6:03  Zergling x2  
  75  6:04  Zergling x6  
  83  6:06  Zergling x4  
  83  6:09  Overlord  
  84  6:12  Zergling x2  
  84  6:14  Zergling x4  
  84  6:15  Zergling x2  
  84  6:17  Zergling x4  
  80  6:19  Zergling x2  
  80  6:20  Zergling x2  
  80  6:22  Zergling x2  
  80  6:24  Zergling x2  
  77  6:26  Zergling x2  
  77  6:28  Zergling x4  
  77  6:30  Zergling x2  
  72  6:34  Zergling x2  
  72  6:39  Zergling x4  

Tags
 
Add a new tag
Caveats
  • Supply blocks, unpowered buildings, or Contaminate may cause inaccurate times.
  • Supply counts are checked every 10 seconds.